 Dungeon Crawl Stone Soup version 0.29.0-4-gdea44cf6ec (webtiles) character file.

Game seed: 1351386829424674443

47 Arcadio the Shooter (level 3, -2/18 HPs)
             Began as a Spriggan Hunter on Aug 26, 2022.
             Killed from afar by Natasha (8 damage)
             ... with a magic dart
             ... on level 2 of the Dungeon.
             The game lasted 00:03:44 (943 turns).

Arcadio the Shooter (Spriggan Hunter)                Turns: 943, Time: 00:03:44

Health: -2/18      AC:  3    Str:  9    XL:     3   Next: 48%
Magic:  4/4        EV: 18    Int: 10    God:
Gold:   82         SH:  0    Dex: 18    Spells: 2/2 levels left

rFire   . . .      SeeInvis +   b - +2 spear (vamp)
rCold   . . .      Faith    .   (no shield)
rNeg    . . .      Spirit   .   c - +1 robe
rPois   .          Reflect  .   (helmet restricted)
rElec   .          Harm     .   (no cloak)
rCorr   .          Rampage  .   (gloves unavailable)
Will    .....                   (boots unavailable)
Stlth   ++........              (no amulet)
HPRegen 0.06/turn               (no ring)
MPRegen 0.09/turn               (no ring)

@: very quick
A: very small, no large weapons, unfitting armour, see invisible, speed 3
a: no special abilities


You were on level 2 of the Dungeon.
You visited 1 branch of the dungeon, and saw 2 of its levels.

You collected 82 gold pieces.

Inventory:

Hand Weapons
 a - a +0 shortbow
 b - a +2 vampiric spear (weapon)
Armour
 c - a +1 robe (worn)
Scrolls
 d - a scroll of immolation
 e - a scroll of brand weapon {unknown}
Potions
 f - a potion of lignification {unknown}
 g - 3 potions of curing {unknown}


   Skills:
 + Level 2.2 Fighting
 + Level 4.4 Ranged Weapons
 + Level 3.7 Dodging
 - Level 1.5 Stealth


You had 2 spell levels left.
You didn't know any spells.
Your spell library was empty.

Dungeon Overview and Level Annotations

Branches:
Dungeon (2/15) Zot: 11376

Altars:

Annotations:
D:2 Natasha, Sigmund


Innate Abilities, Weirdness & Mutations

You are very small and have problems with some larger weapons.
You are too small for most types of armour.
You have supernaturally acute eyesight. (SInv)
You cover ground extremely quickly. (Speed+++)


Message History

Found a scroll labelled VUIFAKHY EDWI.
Fire: a) +0 shortbow
Press: ? - help, Q - select action Shift-Dir - straight line, f - kobold
Aim: a kobold, wielding a +0 dagger (asleep, 98% to hit)
You shoot an arrow. The arrow hits the kobold!
You kill the kobold!
e - a scroll labelled VUIFAKHY EDWI
Found a stone staircase leading down.
You now have 82 gold pieces (gained 11).
You open the door.
There is an open door here.
Natasha, Servant of Life and Death comes into view.
Fire: a) +0 shortbow
Press: ? - help, Q - select action Shift-Dir - straight line, f - Natasha
Aim: Natasha (asleep, 98% to hit)
You shoot an arrow. The arrow hits Natasha.
Natasha hisses angrily.
Natasha is moderately wounded.
You feel a sense of dread.
b - a +2 vampiric spear (weapon)
Reach: b) +2 spear (vamp)
Press: ? - help, Dir - move target, f/p - Natasha
Aim: Natasha (moderately wounded, about 40% to evade your +2 vampiric spear)
You reach to attack!
You hit Natasha.
Natasha is moderately wounded.
You hit Natasha.
Natasha is severely wounded.
Natasha claws you!
You closely miss Natasha.
Natasha is severely wounded.
Natasha completely misses you.
You closely miss Natasha.
Natasha is severely wounded.
Natasha stares at you and mumbles some strange words.
The magic dart hits you.
Natasha howls an incantation.
Natasha shimmers violently.
Natasha casts a spell at you. The magic dart hits you!
You die...

## #.## ## #.##
#.###.#############
#.####..#..............#
.......h@............#.#
#......############....#
....... ....#....#
...!... ##....>..##
#...... ##.........#
#.##.## #..........# #
#. ##.........# #.
##........' ##.#....##


You could see Natasha.

Vanquished Creatures
  A dart slug (D:1)
  5 endoplasms
  3 giant cockroaches (D:1)
  3 hobgoblins (D:1)
  2 quokkas (D:1)
  3 ball pythons (D:1)
  2 frilled lizards (D:1)
  8 goblins
  4 kobolds
  A rat (D:1)
32 creatures vanquished.

Vanquished Creatures (others)
  An adder (D:2)
1 creature vanquished.

Grand Total: 33 creatures vanquished

Notes
Turn   | Place    | Note
-------+----------+-------------------------------------------
     0 | D:1      | Arcadio the Spriggan Hunter began the quest for the Orb.
     0 | D:1      | Reached XP level 1. HP: 10/10 MP: 2/2
   113 | D:1      | Reached XP level 2. HP: 15/15 MP: 3/3
   564 | D:1      | Reached XP level 3. HP: 18/18 MP: 4/4
   822 | D:2      | Noticed Sigmund
   936 | D:2      | Noticed Natasha
   943 | D:2      | Killed from afar by Natasha

Illustrated notes

Levels and vault maps discovered:
D:1:      moated_graveyard_arrival, layout_loops_ring, chequers_arboretum,
          nrook_loot_triangle
D:2:      layout_loops_ring, chequers_serial_rivers_room_b,
          minmay_misc_feat_tiny, guppyfry_early_orc_mine, uniq_terence,
          uniq_sigmund, uniq_natasha

Skill      XL: |  1  2 |
---------------+-------+-----
Dodging        | 3 |  3.7
Fighting       | 2 |  2.2
Ranged Weapons | |  4.4
Stealth        | |  1.5

Action                   || total
-------------------------++-------
Melee: Spear             ||     4
 Fire: Shortbow          ||    66
  Use: Scroll            ||     3
Armor: Robe              ||     1
Dodge: Dodged            ||     9
